 Dungeon Crawl Stone Soup version 0.29-a0-97-g88c9fad16d (webtiles) character file.

Game seed: 7429443780145296391

159 Nelsoonmonsoon the Grave Robber (level 5, -2/38 HPs)
             Began as a Demonspawn Necromancer on Feb 14, 2022.
             Slain by a hornet zombie (5 damage)
             ... on level 5 of the Dungeon.
             The game lasted 00:12:44 (3612 turns).

Nelsoonmonsoon the Grave Robber (DsNe)              Turns: 3612, Time: 00:12:44

Health: -2/38      AC:  5    Str:  8    XL:     5   Next: 17%
Magic:  9/9        EV: 10    Int: 18    God:
Gold:   129        SH:  0    Dex: 14    Spells: 4/9 levels left

rFire   . . .      SeeInvis .   m - +2 hand axe (freeze)
rCold   . . .      Faith    .   (no shield)
rNeg    + . .      Spirit   .   b - +0 ring mail
rPois   .          Reflect  .   (no helmet)
rElec   .          Harm     .   (no cloak)
rCorr   +          Rampage  .   (no gloves)
Will    .....                   (no boots)
Stlth   +.........              (no amulet)
HPRegen 0.12/turn               d - ring of resist corrosion
MPRegen 0.11/turn               s - ring of positive energy

@: invisible
A: claws 1, ignite blood 1, demonic magic 1
a: no special abilities


You were on level 5 of the Dungeon.
You visited 1 branch of the dungeon, and saw 5 of its levels.

You collected 129 gold pieces.

Inventory:

Hand Weapons
 e - a +0 dagger of electrocution
 g - a +0 mace
 j - a +0 hand axe
 k - a +0 club
 m - a +2 hand axe of freezing (weapon)
Armour
 a - a +0 robe
 b - a +0 ring mail (worn)
Jewellery
 d - a ring of resist corrosion (left claw)
 s - a ring of positive energy (right claw)
Scrolls
 c - a scroll of enchant armour {unknown}
 f - a scroll of torment {unknown}
 l - a scroll of fog {unknown}
 o - 3 scrolls of identify {unknown}
 p - a scroll of acquirement {unknown}
 q - a scroll of teleportation {unknown}
 r - a scroll of vulnerability {unknown}
Potions
 h - a potion of invisibility
 i - a potion of lignification {unknown}


   Skills:
 + Level 1.7 Fighting
 + Level 1.5 Armour
 + Level 2.7 Dodging
 - Level 2.0 Stealth
 + Level 2.8 Spellcasting
 + Level 5.0 Necromancy


You had 4 spell levels left.
You knew the following spells:

 Your Spells              Type           Power      Damage    Failure   Level
a - Pain                  Necr           80%        1d8       6%          1
b - Animate Skeleton      Necr           40%        N/A       6%          1
c - Vampiric Draining     Necr           20%        2d7       19%         3

Your spell library contained the following spells:

 Spells                   Type           Power      Damage    Failure   Level
 Corpse Rot               Necr/Air       22%        N/A       26%         2
 Animate Dead             Necr           10%        N/A       52%         4
 Poisonous Vapours        Pois/Air       4%         N/A       58%         2
 Agony                    Necr           20%        N/A       86%         5


Dungeon Overview and Level Annotations

Branches:
Dungeon (6/15)
 Temple: D:4-7

Altars:

Annotations:
D:6 Edmund


Innate Abilities, Weirdness & Mutations

You have sharp fingernails.
Your demonic aura sometimes causes spilled blood to erupt in flames.
Spells you cast may paralyse adjacent enemies.


Message History

The hornet zombie hits you!
It was a potion of invisibility.
You fade into invisibility!
The hornet zombie hits you. The hornet zombie misses you.
You hit the hornet zombie.
The hornet zombie is heavily damaged.
The hornet zombie hits you! The hornet zombie closely misses you.
You catch the helpless hornet zombie completely off-guard!
You hit the hornet zombie.
The hornet zombie is heavily damaged.
You closely miss the hornet zombie.
The hornet zombie is heavily damaged.
The hornet zombie hits you!
You closely miss the hornet zombie.
The hornet zombie is heavily damaged.
The hornet zombie barely misses you.
The hornet zombie hits you but does no damage.
You catch the helpless hornet zombie completely off-guard!
You hit the hornet zombie.
The hornet zombie is severely damaged.
The hornet zombie closely misses you. The hornet zombie barely misses you.
You barely miss the hornet zombie.
The hornet zombie is severely damaged.
The hornet zombie barely misses you.
You catch the helpless hornet zombie completely off-guard!
You hit the hornet zombie.
The hornet zombie is severely damaged.
The hornet zombie hits you but does no damage.
The hornet zombie closely misses you.
You hit the hornet zombie.
The hornet zombie is severely damaged.
The hornet zombie barely misses you. x2
You hit the hornet zombie.
The hornet zombie is severely damaged.
The hornet zombie hits you!
* * * LOW HITPOINT WARNING * * *
You hit the hornet zombie.
The hornet zombie is almost destroyed.
The hornet zombie barely misses you. The hornet zombie hits you.
You die...

##
######################.
#....Z@................
#.####################.
#.# #..... #.# #.####
#.# ####.## #.# #.....#
#Z# #...†.# #.#
###.....### ...
.....(......


You could see a hornet zombie.

Vanquished Creatures
  An iguana (D:5)
  An orc wizard (D:2)
  3 adders (D:2)
  2 gnolls
  A dart slug (D:1)
  3 orcs
  5 endoplasms
  4 giant cockroaches
  6 goblins
  5 hobgoblins
  5 kobolds
  3 quokkas
  5 ball pythons
  2 bats (D:1)
  5 frilled lizards (D:1)
  5 rats
56 creatures vanquished.

Notes
Turn   | Place    | Note
-------+----------+-------------------------------------------
     0 | D:1      | Nelsoonmonsoon the Demonspawn Necromancer began the quest
                  | for the Orb.
     0 | D:1      | Reached XP level 1. HP: 13/13 MP: 3/3
   393 | D:1      | Found a faded altar of an unknown god.
   401 | D:1      | Gained mutation: Spells you cast may paralyse adjacent
                  | enemies. [demonic ancestry]
   401 | D:1      | Reached XP level 2. HP: 19/19 MP: 3/5
  1539 | D:1      | Gained mutation: You have sharp fingernails. [demonic
                  | ancestry]
  1539 | D:1      | Reached XP level 3. HP: 11/25 MP: 0/6
  2239 | D:1      | Reached skill level 1 in Fighting
  2640 | D:2      | Reached skill level 1 in Armour
  2640 | D:2      | Gained mutation: Your demonic aura sometimes causes spilled
                  | blood to erupt in flames. [demonic ancestry]
  2640 | D:2      | Reached XP level 4. HP: 23/32 MP: 1/7
  3094 | D:2      | Learned a level 1 spell: Animate Skeleton
  3098 | D:2      | Learned a level 3 spell: Vampiric Draining
  3148 | D:2      | Reached skill level 5 in Necromancy
  3492 | D:3      | You fall into a shaft and drop 3 floors!
  3492 | D:6      | Noticed Edmund
  3495 | D:5      | Entered Level 5 of the Dungeon
  3511 | D:5      | Reached XP level 5. HP: 33/38 MP: 2/9
  3612 | D:5      | Slain by a hornet zombie

Illustrated notes

Levels and vault maps discovered:
D:1:      lightli_arrival_quake, layout_rooms,
          shapermc_ecumenical_altar_mp_highgroup, minmay_bisected
D:2:      layout_basic
D:3:      minmay_evil_eye, layout_basic
D:5:      layout_basic, kennysheep_diamond
D:6:      layout_basic, slow_altar_2, minmay_misc_feat_nine_boxes,
          uniq_menkaure, uniq_pikel, uniq_edmund, uniq_blork_the_orc

Skill      XL: |  1  2  3  4 |
---------------+-------------+-----
Stealth        | 2 |  2.0
Dodging        | 2 |  2.7
Fighting       | 1 |  1.7
Armour         | 1 |  1.5
Necromancy     | 5 |  5.0
Spellcasting   | |  2.8

Action                   |  1- 3 |  4- 6 || total
-------------------------+-------+-------++-------
Melee: Unarmed           |     8 |       ||     8
       Punch             |     1 |       ||     1
       Dagger            |    20 |       ||    20
       Hand axe          |     6 |    14 ||    20
Throw: Throwing net      |       |     1 ||     1
 Cast: Pain              |    56 |    36 ||    92
Evoke: Wand              |       |     5 ||     5
  Use: Potion            |       |     1 ||     1
 Stab: Paralysed         |       |     1 ||     1
       Invisible         |       |     3 ||     3
Armor: Ring mail         |     9 |     4 ||    13
Dodge: Dodged            |    15 |    17 ||    32

Table legend: (Time is in decaauts)
 A = Elapsed time spent in this place.
 B = Non-inter-level travel time spent in this place.
 C = Inter-level travel time spent in this place.
 D = Time resting spent in this place.
 E = Time spent auto-exploring this place.
 F = Levels seen in this place.
 G = Mean time per level.
                   A        B        C        D        E       F      G
               +--------+--------+--------+--------+--------+-----+--------+
         Total |   3616 |   3562 |     54 |   1832 |    793 |   5 |  723.2 |
       Dungeon |   3616 |   3562 |     54 |   1832 |    793 |   5 |  723.2 |
               +--------+--------+--------+--------+--------+-----+--------+

Top non-repeatable levels by time:
     D:1: 2335 daAuts
     D:2: 1010 daAuts
     D:3: 147 daAuts
     D:5: 119 daAuts
     D:6: 2 daAuts
